 Dungeon Crawl Stone Soup version 0.30.0-19-g36f170ea60 (webtiles) character file.

Game seed: 1107732412308816651

14 Irreverend the Grasshopper (level 2, 25/25 HPs)
             Began as a Draconian Warper on May 28, 2023.
             Quit the game on level 1 of the Dungeon.
             The game lasted 00:01:43 (652 turns).

Irreverend the Grasshopper (Draconian Warper)        Turns: 652, Time: 00:01:43

Health: 25/25      AC:  4    Str: 13    XL:     2   Next: 31%
Magic:  5/5        EV: 12    Int: 13    God:
Gold:   86         SH:  0    Dex: 10    Spells: 3/5 levels left

rFire   . . .        a - +0 short sword
rCold   . . .        (no shield)
rNeg    . . .        (body armour unavailable)
rPois   .            (helmet restricted)
rElec   .            (no cloak)
rCorr   .            (no gloves)
SInv    .            (no boots)
Will    .....        (no amulet)
Stlth   +            (no ring)
HPRegen 0.24/turn    (no ring)
MPRegen 0.09/turn

%: no passive effects
@: no status effects
A: AC +4, unfitting armour, cold-blooded
a: no special abilities


You were on level 1 of the Dungeon.
You visited 1 branch of the dungeon, and saw 1 of its levels.

You collected 86 gold pieces.

Inventory:

Hand Weapons
 a - a +0 short sword (weapon)
Missiles
 c - 7 boomerangs of dispersal (quivered)
Scrolls
 b - a scroll of blinking
 d - a scroll of identify {unknown}


   Skills:
 + Level 2.3 Fighting
 * Level 2.4 Short Blades
 - Level 0.8 Throwing
 + Level 2.2 Dodging
 + Level 2.1 Spellcasting
 + Level 3.1 Translocations


You had 3 spell levels left.
You knew the following spells:

 Your Spells              Type           Power      Damage    Failure   Level
a - Blink                 Tloc           18%        N/A       11%         2

Your spell library contained the following spells:

 Spells                   Type           Power      Damage    Failure   Level
 Lesser Beckoning         Tloc           18%        N/A       11%         2
 Teleport Other           Tloc           9%         N/A       22%         3
 Vhi's Electric Charge    Tloc/Air       10%        N/A       36%         3
 Manifold Assault         Tloc           9%         N/A       56%         4


Dungeon Overview and Level Annotations

Branches:
Dungeon (1/15)

Altars:


Innate Abilities, Weirdness & Mutations

Your plain brown scales are hard. (AC +4)
You cannot fit into any form of body armour.
You are cold-blooded and may be slowed by cold attacks.


Message History

The endoplasm attacks as you move away! The endoplasm hits you.
* * * LOW HITPOINT WARNING * * *
You feel yourself speed up. The endoplasm barely misses you.
The endoplasm attacks as you move away!
The endoplasm hits you but does no damage.
You hit the endoplasm.
The endoplasm is moderately wounded.
You hit the endoplasm.
The endoplasm is heavily wounded.
The endoplasm freezes you.
You are frozen.
* * * LOW HITPOINT WARNING * * *
You hit the endoplasm.
You kill the endoplasm!
You start resting.
HP restored.
Okay, then.
You see here a bat corpse.
Found a scale mail.
There is an escape hatch in the floor here.
You now have 86 gold pieces (gained 7).
Found a club.
A bat comes into view.
A bat is nearby!
The bat barely misses you.
You closely miss the bat. You tail-slap the bat.
You kill the bat!
No target in view!
No target in view!
No target in view!
Done exploring.
Done exploring.
Done exploring.
No target in view!
No target in view!
Done exploring.
Done exploring.
Unknown command.
Are you sure you want to abandon this character and quit the game? (Confirm with "yes".)

...........................#
...........................#
.....>.....................#
.................).........#
...........................#
....................)......#
.................#####.#####
.................#####.#
................@......#
##.....[.........#########
#.############### #...# #.#
#.#.# #.# #.#.#
#.###################.#.#
#.....................#.#
#########################


There were no monsters in sight!

Vanquished Creatures
  3 bats (D:1)
  3 endoplasms (D:1)
  A giant cockroach (D:1)
  A hobgoblin (D:1)
  4 ball pythons (D:1)
  A kobold (D:1)
13 creatures vanquished.

Notes
Turn   | Place    | Note
-------+----------+-------------------------------------------
     0 | D:1      | Irreverend the Draconian Warper began the quest for the
                  | Orb.
     0 | D:1      | Reached XP level 1. HP: 17/17 MP: 3/3
   308 | D:1      | Reached XP level 2. HP: 25/25 MP: 5/5
   373 | D:1      | Learned a level 2 spell: Blink
   652 | D:1      | Quit the game

Illustrated notes

Levels and vault maps discovered:
D:1:      giann_wishing_wells, layout_basic

Action                     || total
---------------------------++-------
  Melee: Short sword       ||    59
         Tailslap          ||     7
   Cast: Blink             ||     1
 Armour: Skin              ||    23
  Dodge: Dodged            ||    37
